 Dungeon Crawl Stone Soup version 0.26-a0-694-g74916bafe0 (webtiles) character file.

Game seed: 2279971321086411059

952 Froggeryz the Poker (level 7, -4/60 HPs)
             Began as a Demigod Wanderer on Oct 25, 2020.
             Slain by a wyvern (7 damage)
             ... on level 7 of the Dungeon.
             The game lasted 00:06:47 (5142 turns).

Froggeryz the Poker (Demigod Wanderer)              Turns: 5142, Time: 00:06:48

Health: -4/60      AC: 13    Str: 19    XL:     7   Next: 59%
Magic:  9/9        EV: 10    Int: 15    God:
Gold:   117        SH:  0    Dex: 16    Spells: 6/6 levels left

rFire    . . .     SeeInvis +   x - +2 war axe (vamp)
rCold    . . .     Faith    .   (no shield)
rNeg     . . .     Spirit   .   s - +3 scale mail
rPois    .         Reflect  .   y - +2 helmet {SInv}
rElec    .         Harm     .   (no cloak)
rCorr    .         Rampage  .   (no gloves)
MR       .....                  j - +0 pair of boots
Stlth    ..........             (no amulet)
HPRegen  0.20/turn              (no ring)
MPRegen  0.11/turn              (no ring)

@: mighty
A: high mp 1
a: no special abilities


You were on level 7 of the Dungeon.
You visited 1 branch of the dungeon, and saw 7 of its levels.

You collected 334 gold pieces.
You spent 217 gold pieces at shops.

Inventory:

Hand Weapons
 q - a +0 trident
 x - a +2 vampiric war axe (weapon)
Missiles
 t - 2 curare-tipped darts (quivered)
Armour
 a - a +1 chain mail of fire resistance
 j - a +0 pair of boots (worn)
 s - a +3 scale mail (worn)
 y - a +2 helmet of see invisible (worn)
Wands
 o - a wand of polymorph (4)
Scrolls
 c - 5 scrolls of teleportation
 d - 4 scrolls of fog {unknown}
 e - 3 scrolls of remove curse {unknown}
 g - 2 scrolls of enchant armour {unknown}
 l - 2 scrolls of magic mapping {unknown}
 m - 2 scrolls of identify
 u - a scroll of fear {unknown}
 v - a scroll of immolation {unknown}
 z - a scroll of amnesia {unknown}
Potions
 b - a potion of lignification
 f - 4 potions of flight {unknown}
 h - 3 potions of curing {unknown}
 i - a potion of invisibility {unknown}
 k - a potion of might
 n - a potion of degeneration {unknown}
 p - a potion of heal wounds {unknown}
 r - a potion of magic {unknown}
 w - a potion of ambrosia {unknown}


   Skills:
 - Level 4.4 Fighting
 * Level 3.6(5.4) Axes
 - Level 6.2(6.7) Polearms
 - Level 1.7 Armour
 - Level 1.0 Dodging
 - Level 1.0 Stealth
   Level 1.7 Shields


You had 6 spell levels left.
You didn't know any spells.
Your spell library was empty.

Dungeon Overview and Level Annotations

Branches:
Dungeon (8/15)
 Temple: D:4-7         Lair: D:8-11

Shops:
D:5 [


Innate Abilities, Weirdness & Mutations

You have an increased reservoir of magic. (+10% MP)


Message History

The killer bee stings you but does no damage.
You climb upwards.
Found 19 stones.
There is a stone staircase leading down here.
You feel very mighty all of a sudden.
The killer bee stings you but does no damage.
The wyvern bites you. The killer bee closely misses you.
You barely miss the wyvern.
The wyvern is moderately wounded.
You miss the killer bee. The wyvern bites you!
* * * LOW HITPOINT WARNING * * *
The killer bee stings you but does no damage.
The wyvern bites you!
* * * LOW HITPOINT WARNING * * *
The killer bee stings you but does no damage.
You closely miss the wyvern.
The wyvern is moderately wounded.
You miss the killer bee. The killer bee closely misses you.
The wyvern bites you!
You die...

......###
#........
#........
#(..... ......
#...# ##.y##
#.@l.#
#.......#
#.......#...#
##....###..#..#
#.... .....
#.... #....
#... .##. ###.
.


You could see a wyvern and a killer bee.

Vanquished Creatures
  Sigmund (D:2)
  An orc warrior (D:5)
  2 centaurs (D:5)
  A scorpion (D:4)
  A bullfrog zombie (D:8)
  2 orc priests (D:5)
  A hound (D:5)
  A bullfrog skeleton (D:5)
  Jessica (D:2)
  Terence (D:1)
  A worker ant (D:5)
  Natasha (thrice) (D:2)
  An orc wizard (D:5)
  A hound skeleton (D:5)
  4 adders
  A shadow imp (D:5)
  3 adder skeletons
  4 worms
  2 dart slugs
  3 leopard geckos
  9 orcs
  5 giant cockroaches
  13 goblins
  4 hobgoblins
  8 jackals
  2 quokkas (D:4)
  4 ball pythons
  6 bats
  4 frilled lizards
  2 jackal skeletons (D:4)
  9 kobolds
  4 rats
105 creatures vanquished.

Notes
Turn   | Place    | Note
-------+----------+-------------------------------------------
     0 | D:1      | Froggeryz the Demigod Wanderer began the quest for the Orb.
     0 | D:1      | Froggeryz set off with the following items: a +2 spear, a
                  | potion of lignification, a scroll of teleportation, a +0
                  | robe
     0 | D:1      | Reached XP level 1. HP: 17/17 MP: 3/3
    41 | D:1      | Reached skill level 2 in Polearms
    61 | D:1      | Reached XP level 2. HP: 14/24 MP: 4/4
   867 | D:2      | Reached XP level 3. HP: 23/30 MP: 5/5
  1024 | D:2      | Reached skill level 3 in Polearms
  1047 | D:2      | Noticed Sigmund
  1195 | D:2      | Noticed Terence
  1224 | D:1      | Killed Terence
  1307 | D:2      | Killed Sigmund
  1307 | D:2      | Reached skill level 4 in Polearms
  1307 | D:2      | Reached XP level 4. HP: 10/38 MP: 6/6
  1307 | D:2      | Reached XP level 5. HP: 12/45 MP: 7/7
  1619 | D:2      | Noticed Natasha
  1632 | D:2      | Killed Natasha
  1948 | D:2      | Noticed Jessica
  1955 | D:2      | Killed Jessica
  2105 | D:2      | Noticed Natasha
  2117 | D:2      | Killed Natasha
  2117 | D:2      | Reached skill level 5 in Polearms
  2183 | D:2      | Reached XP level 6. HP: 36/52 MP: 8/8
  2452 | D:2      | Noticed Natasha
  2471 | D:2      | Killed Natasha
  2582 | D:3      | Found a white marble altar of Elyvilon.
  3056 | D:3      | Found a sacrificial altar of Ru.
  3063 | D:3      | Found a burning altar of Makhleb.
  3070 | D:3      | Found a basalt altar of Yredelemnul.
  3077 | D:3      | Found a shimmering altar of Xom.
  3084 | D:3      | Found a shadowy altar of Dithmenos.
  3089 | D:3      | Found a stormy altar of Qazlal.
  3100 | D:3      | Found an ancient bone altar of Kikubaaqudgha.
  3172 | D:3      | Found an opulent altar of Gozag.
  3998 | D:5      | Entered Level 5 of the Dungeon
  4195 | D:5      | Reached skill level 6 in Polearms
  4286 | D:5      | Reached XP level 7. HP: 56/60 MP: 9/9
  4312 | D:5      | Reached skill level 1 in Axes
  4468 | D:5      | Found Opsedwuo's Antique Armour Shop.
  4477 | D:5      | Bought a runed helmet for 217 gold pieces
  5101 | D:5      | You fall into a shaft and drop 3 floors!
  5130 | D:8      | Noticed a wyvern
  5141 | D:7      | HP: 2/60 [wyvern (12)]
  5142 | D:7      | Slain by a wyvern

Illustrated notes

Levels and vault maps discovered:
D:1:      matt_arrival_grand_opening, layout_basic
D:2:      layout_rooms, minmay_vboxes, uniq_jessica, uniq_terence, uniq_sigmund,
          uniq_natasha
D:3:      cheibrodos_helix_gallery, layout_basic, elyvilon_altar_5,
          grunt_temple_overflow_octagram,
          nicolae_gozag_cash_rules_everything_around_me
D:4:      layout_rooms
D:5:      layout_layer_cave, fedhas_altar_fruit_tree, serial_shops,
          nicolae_shop_trees
D:7:      layout_cave_pools, vehumet_crystals, minmay_temple_entry_fiery,
          grunt_ministairs_11, kennysheep_generic_room_15
D:8:      layout_rooms, erik_lair_orcish_takeover, serial_shops,
          nicolae_shop_waterfront, grunt_nemelex_the_gamble

Skill      XL: |  1  2  3  4  5  6  7 |
---------------+----------------------+-----
Polearms       | 2 4 5 6 |  6.2
Fighting       | 2 3 4 |  4.4
Axes           | 3 |  3.6
Armour         | |  1.7
Dodging        | |  1.0
Stealth        | |  1.0
Shields        | |  1.7

Action                   |  1- 3 |  4- 6 |  7- 9 || total
-------------------------+-------+-------+-------++-------
Melee: Spear             |   122 |    84 |       ||   206
       Trident           |       |   167 |     7 ||   174
       War axe           |       |       |    62 ||    62
  Use: Scroll            |       |     1 |       ||     1
       Potion            |       |       |     1 ||     1
 Stab: Sleeping          |     4 |       |       ||     4
Armor: Robe              |     3 |       |       ||     3
       Leather armour    |     7 |       |       ||     7
       Ring mail         |     5 |    30 |       ||    35
       Scale mail        |       |    96 |    40 ||   136
Dodge: Dodged            |    41 |   137 |    43 ||   221

Table legend: (Time is in decaauts)
 A = Elapsed time spent in this place.
 B = Non-inter-level travel time spent in this place.
 C = Inter-level travel time spent in this place.
 D = Time resting spent in this place.
 E = Time spent auto-exploring this place.
 F = Levels seen in this place.
 G = Mean time per level.
                   A        B        C        D        E       F      G
               +--------+--------+--------+--------+--------+-----+--------+
         Total |   5161 |   5088 |     73 |   1438 |   2743 |   7 |  737.3 |
       Dungeon |   5161 |   5088 |     73 |   1438 |   2743 |   7 |  737.3 |
               +--------+--------+--------+--------+--------+-----+--------+

Top non-repeatable levels by time:
     D:2: 1272 daAuts
     D:1: 1200 daAuts
     D:5: 1116 daAuts
     D:4: 788 daAuts
     D:3: 740 daAuts
     D:8: 40 daAuts
     D:7: 3 daAuts
